 Dungeon Crawl Stone Soup version 0.29.0-13-gc9e81de378 (webtiles) character file.

Game seed: 5301247988474940304

22 BLACKki the Ruffian (level 2, 0/25 HPs)
             Began as a Ghoul Gladiator on Sept 8, 2022.
             Slain by Terence
             ... wielding a +0 mace
              (9 damage)
             ... on level 2 of the Dungeon.
             The game lasted 00:28:53 (586 turns).

BLACKki the Ruffian (Ghoul Gladiator)                Turns: 586, Time: 00:28:54

Health: 0/25       AC:  4    Str: 16 (17) XL:     2   Next: 91%
Magic:  1/1        EV: 11    Int:  2 (3)  God:
Gold:   9          SH:  0    Dex:  8 (10) Spells: 1/1 levels left

rFire   . . .      SeeInvis .     - Unarmed
rCold   + . .      Faith    .   (no shield)
rNeg    + + +      Spirit   .   a - +0 leather armour
rPois   ∞          Reflect  .   b - +0 helmet
rElec   .          Harm     .   (no cloak)
rCorr   .          Rampage  .   (no gloves)
Will    .....                   (no boots)
Stlth   +.........              (no amulet)
HPRegen 0.00/turn               (no ring)
MPRegen 0.07/turn               (no ring)

@: inhibited regen
A: claws 1, cold resistance 1, negative energy resistance 3, inhibited
regeneration, torment resistance 2, devour on kill
a: no special abilities


You were on level 2 of the Dungeon.
You visited 1 branch of the dungeon, and saw 2 of its levels.

You collected 9 gold pieces.

Inventory:

Hand Weapons
 e - a +1 dagger of holy wrath
 f - a +0 dagger
 i - a +0 dagger
 j - a +0 dagger
 n - a +0 hand axe
Missiles
 c - 3 throwing nets
 d - a javelin
 k - 3 stones
Armour
 a - a +0 leather armour (worn)
 b - a +0 helmet (worn)
 m - a +0 robe
Scrolls
 h - 2 scrolls of butterflies


   Skills:
 + Level 2.3 Fighting
 + Level 1.9 Throwing
 + Level 0.1 Armour
 + Level 3.0 Dodging
 + Level 3.8 Unarmed Combat


You had one spell level left.
You didn't know any spells.
Your spell library contained the following spells:

 Spells                   Type           Power      Damage    Failure   Level
 Static Discharge         Conj/Air       0%         3-3/arc   77%         2
 Ignite Poison            Fire/Tmut/Pois 0%         N/A       94%         3
 Mephitic Cloud           Conj/Pois/Air  0%         N/A       94%         3
 Freezing Cloud           Conj/Ice/Air   0%         6-21      100%        5
 Lightning Bolt           Conj/Air       0%         1d11      100%        5
 Maxwell's Capacitive Co  Air            0%         ∞         100%        8


Dungeon Overview and Level Annotations

Branches:
Dungeon (2/15)

Altars:

Annotations:
D:2 Terence


Innate Abilities, Weirdness & Mutations

You are immune to poison.
You have sharp fingernails.
Your flesh is cold resistant. (rC+)
You are immune to negative energy. (rN+++)
You do not regenerate when monsters are visible.
You are immune to unholy pain and torment.
You thrive by killing the living.


Message History

Terence hits you with a +0 mace!
You scratch Terence.
Terence is severely wounded.
Terence hits you with a +0 mace.
It was a potion of ambrosia.
You are confused.
You feel invigorated.
Terence drinks a potion.
Terence is healed!
You are too confused!
You bump into the rock wall.
Terence hits you with a +0 mace!
You bump into the rock wall.
Terence hits you but does no damage.
You are too confused!
Unknown command.
You are too confused!
You barely miss Terence.
Terence is lightly wounded.
Terence hits you with a +0 mace.
You bump into the rock wall.
Terence barely misses you.
You bump into the rock wall.
Terence hits you with a +0 mace.
You bump into the rock wall.
You feel less invigorated.
You feel less confused. Terence hits you with a +0 mace.
You scratch Terence but do no damage.
Terence is lightly wounded.
Terence hits you but does no damage.
You barely miss Terence.
Terence is lightly wounded.
Terence hits you with a +0 mace.
You scratch Terence but do no damage.
Terence is lightly wounded.
Terence hits you but does no damage.
You scratch Terence.
Terence is moderately wounded.
Terence hits you with a +0 mace.
You barely miss Terence.
Terence is moderately wounded.
Terence hits you with a +0 mace.
You scratch Terence.
Terence is moderately wounded.
Terence hits you with a +0 mace!
You die...

#.#
######.#######
#......†.....#
#.####.#####.#
#.# #†# #.#
#<# #.# #.#
#.# #.# #.#
#.# #.#####.#
..# #...@@..#
..# ######..#
#..# #..# #..#
#..# #..# #..#
...# #.## #.#


You could see Terence.

Vanquished Creatures
  A dart slug (D:1)
  2 endoplasms (D:1)
  A giant cockroach (D:1)
  2 goblins (D:1)
  2 hobgoblins
  A kobold (D:1)
  2 quokkas (D:1)
  A ball python (D:1)
  A bat (D:1)
  2 frilled lizards (D:1)
  4 rats
19 creatures vanquished.

Notes
Turn   | Place    | Note
-------+----------+-------------------------------------------
     0 | D:1      | BLACKki the Ghoul Gladiator began the quest for the Orb.
     0 | D:1      | Reached XP level 1. HP: 17/17 MP: 0/0
   107 | D:1      | Reached XP level 2. HP: 24/24 MP: 1/1
   561 | D:2      | Noticed Terence
   586 | D:2      | Slain by Terence

Illustrated notes

Levels and vault maps discovered:
D:1:      psy_arrival_radial01, layout_basic
D:2:      layout_loops_ring, chequers_serial_rivers_marsh, skrybe_limestone_x,
          uniq_terence

Skill      XL: |  1  2 |
---------------+-------+-----
Dodging        | 3 |  3.0
Fighting       | |  2.3
Throwing       | |  1.9
Armour         | |  0.1
Unarmed Combat | |  3.8

Action                   || total
-------------------------++-------
Melee: Unarmed           ||    50
  Use: Scroll            ||     2
       Potion            ||     2
Armor: Leather armour    ||    16
Dodge: Dodged            ||    22
